 Dungeon Crawl Stone Soup version 0.27-a0-1591-gc56fcc985a (webtiles) character file.

Game seed: 4318073516214046612

5792 duskshroud the Grappler (level 10, -30/102 HPs)
             Began as a Troll Gladiator on July 19, 2021.
             Was a Believer of Dithmenos.
             Annihilated by an enormous slime creature (55 damage)
             ... on level 9 of the Dungeon on July 20, 2021.
             The game lasted 00:26:27 (6655 turns).

duskshroud the Grappler (Troll Gladiator)           Turns: 6655, Time: 00:26:27

Health: -30/102    AC:  8    Str: 24    XL:     10   Next: 50%
Magic:  9/9        EV: 25    Int:  4    God:    Dithmenos [**....]
Gold:   393        SH:  0    Dex: 14    Spells: 9/9 levels left

rFire    . . .     SeeInvis .     - Unarmed
rCold    . . .     Faith    .   (no shield)
rNeg     . . .     Spirit   .   D - +0 steam dragon scales
rPois    .         Reflect  .   b - +1 hat
rElec    .         Harm     .   (no cloak)
rCorr    .         Rampage  .   (gloves unavailable)
Will     .....                  (boots unavailable)
Stlth    ++........             q - amulet of the acrobat
HPRegen  1.27/turn              (no ring)
MPRegen  0.11/turn              (no ring)

@: acrobatic, wreathed by umbra
A: large, unfitting armour, claws 3, regeneration 1, shaggy fur 1, tough skin 1
a: Renounce Religion, Shadow Step


You were on level 9 of the Dungeon.
You worshipped Dithmenos.
Dithmenos was pleased with you.
You visited 1 branch of the dungeon, and saw 9 of its levels.

You collected 477 gold pieces.
You spent 84 gold pieces at shops.

Inventory:

Hand Weapons
 f - a +2 vampiric dagger
 i - a +2 dagger of venom
 I - a +0 flail
Missiles
 c - 4 throwing nets
 e - 40 poisoned darts (quivered)
 k - 2 datura-tipped darts
 p - 3 atropa-tipped darts
 H - 6 boomerangs
Armour
 a - a +0 robe
 b - a +1 hat (worn)
 z - a +0 kite shield
 D - +0 steam dragon scales (worn)
Magical Staves
 J - a staff of earth
Jewellery
 q - an amulet of the acrobat (around neck)
Wands
 d - a wand of mindburst (10)
 C - a wand of acid (10)
 E - a wand of flame (10)
Scrolls
 g - 2 scrolls of vulnerability {unknown}
 l - a scroll of fear {unknown}
 o - a scroll of silence {unknown}
 r - a scroll of immolation {unknown}
 u - 3 scrolls of teleportation {unknown}
 v - 2 scrolls of enchant weapon
 y - 2 scrolls of amnesia {unknown}
 A - a scroll of acquirement {unknown}
 B - a scroll of blinking {unknown}
 F - 2 scrolls of holy word {unknown}
 G - 3 scrolls of identify
 K - a scroll of brand weapon {unknown}
 L - a scroll of torment {unknown}
Potions
 h - a potion of flight
 j - 2 potions of heal wounds
 m - a potion of attraction {unknown}
 n - 3 potions of curing
 s - a potion of resistance {unknown}
 t - a potion of might
 w - a potion of cancellation {unknown}
 x - a potion of lignification {unknown}


   Skills:
 + Level 7.3 Fighting
 - Level 1.7 Throwing
 - Level 2.4 Dodging
 * Level 6.7 Shields
 - Level 11.0 Unarmed Combat


You had 9 spell levels left.
You didn't know any spells.
Your spell library contained the following spells:

 Spells                   Type           Power      Damage    Failure   Level
 Sandblast                Erth           0%         2d4       50%         1
 Passwall                 Tmut/Erth      0%         N/A       65%         2
 Gell's Gravitas          Tloc           0%         N/A       86%         3
 Teleport Other           Tloc           0%         N/A       86%         3
 Lee's Rapid Deconstruct  Erth           0%         3d5*      100%        5
 Dispersal                Tloc           0%         N/A       100%        6


Dungeon Overview and Level Annotations

Branches:
Dungeon (9/15)             Temple (0/1) D:7
   Lair: D:8-11         Orc: D:9-12

Altars:
Ashenzari
Dithmenos
Hepliaklqana
Nemelex Xobeh
Ru
Sif Muna
Xom
Yredelemnul
Zin

Shops:
D:3 (

Annotations:
D:4 2 transporters, Nausicaa's ghost, amateur MiBe


Innate Abilities, Weirdness & Mutations

You are too large for most types of armour.
You have claws for hands.
Your natural rate of healing is unusually fast.
You are covered in fur. (AC +1)
You have tough skin. (AC +1)


Message History

The slime creature is almost dead.
Two slime creatures merge to form an enormous slime creature.
There is an open door here.
An enormous slime creature splits.
The large slime creature misses you.
There is an open door here.
You mangle the large slime creature!!
The large slime creature is moderately wounded.
Two slime creatures merge to form an enormous slime creature.
There is an open door here.
The enormous slime creature hits you!!!!
Ouch! That really hurt!
* * * LOW HITPOINT WARNING * * *
The enormous slime creature misses you.
There is a stone staircase leading up here.
There is an open door here.
Press: ? - help, v - describe, . - travel
Here: an enormous slime creature (lightly wounded, umbra)
The floor.
Press: ? - help, v - describe, . - travel
Here: an enormous slime creature (lightly wounded, umbra)
The floor.
Unknown command.
Unknown command.
There is an open door here.
You see here a +0 trident.
The enormous slime creature misses you.
You see here a +0 pair of gloves.
The enormous slime creature closely misses you.
There is a stone staircase leading up, spattered with blood here.
There is an open door here.
There is an open door here.
There is a stone staircase leading up here.
The enormous slime creature hits you!!!!
Ouch! That really hurt!
* * * LOW HITPOINT WARNING * * *
The enormous slime creature barely misses you.
The enormous slime creature hits you!!!
Ouch! That really hurt!
You die...

#..........#
#.....)....#
#..........#
####'#######
#.# #.# #.#
####'#########
#....@.......#
#.....J......#
#...<........#
#............#
#(...........#
#............#
#............#
#............#
#............#


You could see an enormous slime creature.

Vanquished Creatures
  Harold (D:7)
  A two-headed ogre (D:8)
  A deep elf pyromancer (D:7)
  Psyche (D:8)
  A hornet (D:5)
  A shadow (D:8)
  4 yaks (D:6)
  A steam dragon (D:7)
  A water moccasin (D:7)
  A sky beast (D:6)
  An ice beast (D:6)
  An orc warrior (D:9)
  2 black bears
  A phantom (D:5)
  A centaur (D:8)
  An ogre (D:6)
  3 bullfrogs
  A gnoll sergeant (D:7)
  5 scorpions
  A water moccasin skeleton (D:5)
  7 killer bees
  3 wights (D:8)
  A howler monkey (D:6)
  A lava snake (D:7)
  A centaur zombie (D:8)
  A bullfrog zombie (D:6)
  2 hounds
  3 jellies
  An orc priest (D:8)
  A centaur skeleton (D:6)
  2 gnoll shamans (D:8)
  An iguana (D:5)
  4 orc wizards
  A scorpion zombie (D:5)
  A killer bee zombie (D:8)
  15 gnolls
  8 adders
  3 white imps
  3 worms
  2 dart slugs (D:1)
  41 orcs
  5 ball pythons
  5 endoplasms
  3 giant cockroaches
  11 goblins
  8 hobgoblins
  4 jackals (D:4)
  7 kobolds
  3 quokkas
  6 bats
  A frilled lizard (D:3)
  8 rats
193 creatures vanquished.

Notes
Turn   | Place    | Note
-------+----------+-------------------------------------------
     0 | D:1      | duskshroud the Troll Gladiator began the quest for the Orb.
     0 | D:1      | Reached XP level 1. HP: 19/19 MP: 0/0
   112 | D:1      | Reached XP level 2. HP: 27/27 MP: 1/1
   191 | D:1      | Reached skill level 4 in Unarmed Combat
   265 | D:1      | Found a faded altar of an unknown god.
   412 | D:1      | Reached XP level 3. HP: 29/33 MP: 2/2
  1041 | D:3      | Reached skill level 5 in Unarmed Combat
  1041 | D:3      | Reached XP level 4. HP: 41/41 MP: 3/3
  1078 | D:3      | Found a shimmering altar of Xom.
  1078 | D:3      | Found a shimmering altar of Xom.
  1079 | D:3      | Found a shimmering altar of Xom.
  1089 | D:3      | Found a shimmering altar of Xom.
  1205 | D:3      | Found a broken altar of Ashenzari.
  1434 | D:3      | Found Loeh's Weapon Boutique.
  1445 | D:3      | Bought 3 atropa-tipped darts for 18 gold pieces
  1496 | D:3      | Reached XP level 5. HP: 48/48 MP: 4/4
  1635 | D:4      | Found Janas's CLEARANCE SALE! EVERYTHING MUST GO!.
  1660 | D:4      | Bought a scroll of noise for 7 gold pieces
  1660 | D:4      | Bought a scroll of enchant armour for 52 gold pieces
  1660 | D:4      | Bought a potion of degeneration for 7 gold pieces
  1737 | D:4      | Reached skill level 6 in Unarmed Combat
  1767 | D:4      | Found a glowing silver altar of Zin.
  1902 | D:4      | Found a transporter.
  1903 | D:4      | Found a transporter.
  1903 | D:4      | Noticed Nausicaa's ghost (amateur MiBe)
  1904 | D:4      | Noticed an ogre
  1907 | D:4      | Noticed an ogre
  1945 | D:4      | Reached XP level 6. HP: 41/55 MP: 5/5
  2301 | D:4      | Found a hazy altar of Hepliaklqana.
  2442 | D:5      | Entered Level 5 of the Dungeon
  2456 | D:5      | Found a sacrificial altar of Ru.
  2459 | D:5      | Noticed a hornet
  2468 | D:5      | Paralysed by a hornet for 3 turns
  2470 | D:5      | Killed a hornet
  2471 | D:5      | Reached skill level 7 in Unarmed Combat
  2540 | D:5      | Found a shadowy altar of Dithmenos.
  2576 | D:5      | Became a worshipper of Dithmenos the Shadowed
  2588 | D:5      | Reached skill level 8 in Unarmed Combat
  2588 | D:5      | Reached XP level 7. HP: 63/63 MP: 6/6
  2933 | D:5      | Found a sparkling altar of Nemelex Xobeh.
  3158 | D:6      | Reached skill level 9 in Unarmed Combat
  3183 | D:6      | Reached XP level 8. HP: 71/75 MP: 7/7
  3293 | D:6      | Reached skill level 10 in Unarmed Combat
  3498 | D:6      | Reached XP level 9. HP: 85/85 MP: 8/8
  3498 | D:6      | Reached * piety under Dithmenos
  4184 | D:6      | Reached skill level 1 in Shields
  4184 | D:6      | Reached skill level 11 in Unarmed Combat
  4226 | D:7      | Noticed a deep elf pyromancer
  4317 | D:7      | Found a basalt altar of Yredelemnul.
  4354 | D:7      | Reached skill level 5 in Fighting
  4602 | D:7      | Noticed Harold
  4612 | D:7      | Killed Harold
  4745 | D:7      | Killed a deep elf pyromancer
  5091 | D:7      | Reached XP level 10. HP: 48/100 MP: 9/9
  5224 | D:7      | Found a staircase to the Ecumenical Temple.
  5548 | D:8      | Reached skill level 5 in Shields
  5604 | D:8      | Reached ** piety under Dithmenos
  6136 | D:8      | Noticed a two-headed ogre
  6139 | D:8      | Noticed Psyche
  6155 | D:8      | Killed a two-headed ogre
  6178 | D:8      | Killed Psyche
  6271 | D:8      | Found a shimmering blue altar of Sif Muna.
  6655 | D:9      | Annihilated by an enormous slime creature

Illustrated notes

Levels and vault maps discovered:
D:1:      evilmike_arrival_rings, layout_rooms,
          dreamdust_ecumenical_altar_angels_and_demons
D:2:      layout_basic
D:3:      layout_rooms, xom_redecorated, lemuel_crystal_altar, serial_shops,
          nicolae_lakefront_shop
D:4:      layout_basic, kennysheep_mini, nicolae_overflow_hidden_temple,
          gammafunk_ghost_smash, st_stairs_6, minivault_26, minivault_25,
          nicolae_shop_clearance
D:5:      layout_basic, mainiacjoe_overflow_boulevard, nicolae_ru_awakened_eye,
          nemelex_diamond_rough_becter
D:6:      layout_basic, kennysheep_generic_room_2
D:7:      layout_cave_pools, lemuel_doored_altar,
          minmay_temple_entry_purple_smoke, serial_rivers,
          chequers_serial_rivers_large_a, chequers_serial_rivers_micro_c,
          chequers_serial_rivers_room_b, chequers_serial_rivers_micro_c,
          chequers_serial_rivers_small_3, kennysheep_diamond, uniq_harold
D:8:      layout_loops_ring, nicolae_sif_muna_little_library, special_room
          [special_room_orc], chequers_serial_rivers_large_b, uniq_psyche
D:9:      layout_roguey, orc_0_dummy, minmay_statues_item

Skill      XL: |  1  2  3  4  5  6  7  8  9 10 |
---------------+-------------------------------+-----
Unarmed Combat | 4 5 6 8 9 10 11 | 11.0
Fighting       | 3 4 6 7 |  7.3
Shields        | 4 6 |  6.7
Throwing       | |  1.7
Dodging        | |  2.4

Action                   |  1- 3 |  4- 6 |  7- 9 | 10-12 || total
-------------------------+-------+-------+-------+-------++-------
Melee: Unarmed           |   118 |   105 |   184 |   116 ||   523
       Punch             |     1 |     3 |     8 |     6 ||    18
Throw: Dart              |     5 |    16 |    90 |     5 ||   116
       Throwing net      |       |       |     1 |     2 ||     3
  Use: Scroll            |       |     1 |       |     6 ||     7
       Potion            |       |       |       |     5 ||     5
 Stab: Held in net/web   |       |       |     1 |     1 ||     2
Armor: Robe              |    43 |    25 |    26 |       ||    94
       Steam dragon scal |       |       |     6 |    30 ||    36
Dodge: Dodged            |    65 |    49 |   108 |    88 ||   310

Table legend: (Time is in decaauts)
 A = Elapsed time spent in this place.
 B = Non-inter-level travel time spent in this place.
 C = Inter-level travel time spent in this place.
 D = Time resting spent in this place.
 E = Time spent auto-exploring this place.
 F = Levels seen in this place.
 G = Mean time per level.
                   A        B        C        D        E       F      G
               +--------+--------+--------+--------+--------+-----+--------+
         Total |   6599 |   6306 |    293 |    203 |   4385 |   9 |  733.2 |
       Dungeon |   6599 |   6306 |    293 |    203 |   4385 |   9 |  733.2 |
               +--------+--------+--------+--------+--------+-----+--------+

Top non-repeatable levels by time:
     D:6: 1271 daAuts
     D:8: 1028 daAuts
     D:7: 956 daAuts
     D:4: 920 daAuts
     D:5: 684 daAuts
     D:3: 514 daAuts
     D:1: 509 daAuts
     D:2: 494 daAuts
     D:9: 219 daAuts
